 Dungeon Crawl Stone Soup version 0.26.1-2-gb8aa6d0cf2 (webtiles) character file.

Game seed: 5376946628570963445

65 Gadfly the Magician (level 4, 0/24 HPs)
             Began as a Tengu Hedge Wizard on Feb 18, 2021.
             Succumbed to an adder's poison
             ... on level 2 of the Dungeon.
             The game lasted 00:02:56 (1845 turns).

Gadfly the Magician (Tengu Hedge Wizard)            Turns: 1845, Time: 00:02:57

Health: 0/24       AC:  3    Str: 10    XL:     4   Next: 14%
Magic:  2/9        EV: 13    Int: 15    God:
Gold:   38         SH:  0    Dex: 14    Spells: 1/9 levels left

rFire    . . .     SeeInvis .   i - +0 short sword
rCold    . . .     Faith    .   (no shield)
rNeg     . . .     Spirit   .   b - +0 robe
rPois    .         Reflect  .   c - +1 hat
rElec    .         Harm     .   (no cloak)
rCorr    .         Rampage  .   (no gloves)
Will     .....                  (boots unavailable)
Stlth    ++........             (no amulet)
HPRegen  0.08/turn              (no ring)
MPRegen  0.11/turn              (no ring)

@: mighty, lethally poisoned (0 -> -16), attractive
A: beak, talons 3
a: no special abilities


You were on level 2 of the Dungeon.
You visited 1 branch of the dungeon, and saw 2 of its levels.

You collected 38 gold pieces.

Inventory:

Hand Weapons
 i - a +0 short sword (weapon)
Armour
 b - a +0 robe (worn)
 c - a +1 hat (worn)
Jewellery
 g - an uncursed ring of fire
Potions
 j - a potion of heal wounds {unknown}
 k - a potion of lignification {unknown}


   Skills:
 + Level 0.9 Fighting
 * Level 2.7 Dodging
 - Level 2.0 Stealth
 + Level 3.2 Spellcasting
 * Level 2.1 Conjurations
 * Level 2.1 Summonings
 - Level 0.7 Translocations
 * Level 1.4 Air Magic
 * Level 1.3 Evocations


You had one spell level left.
You knew the following spells:

 Your Spells              Type           Power        Failure   Level
a - Magic Dart            Conj           32%          9%          1
b - Call Imp              Summ           8%           12%         2
c - Blink                 Tloc           N/A          22%         2
d - Mephitic Cloud        Conj/Pois/Air  6%           34%         3

Your spell library contained the following spells:

 Spells                   Type           Power        Failure   Level
 Slow                     Hex            2%           30%         2
 Conjure Flame            Conj/Fire      5%           36%         3


Dungeon Overview and Level Annotations

Branches:
Dungeon (2/15)

Altars:


Innate Abilities, Weirdness & Mutations

You have a beak for a mouth.
You have claws for feet.


Message History

You are more poisoned.
The adder poisons you! The adder barely misses you.
Casting: Magic Dart (safe; 9% risk of failure)
Confirm with . or Enter, or press ? or * to list all spells.
Aiming: Magic Dart (safe; 9% risk of failure)
Press: ? - help, Shift-Dir - straight line, f/p - adder
Aim: an adder (almost dead, 0% to evade)
The magic dart hits the adder.
You kill the adder!
* * * LOW HITPOINT WARNING * * *
You feel sick.
Your magical contamination has completely faded away.
You have reached level 4!
You feel agile.
You feel very mighty all of a sudden.
* * * LOW HITPOINT WARNING * * *
You feel sick.
It was a potion of attraction.
You feel attractive to monsters.
You die...

#.........#
#####..####
#######...####
#.....†......+
#.#####...####
#..## ###..#
#....# #@##.#
#†##.# ... .#
##.#### #.#
#.# ... #.#


There were no monsters in sight!

Vanquished Creatures
  2 adders (D:2)
  3 oozes
  A dart slug (D:1)
  2 leopard geckos (D:1)
  4 bats
  2 giant cockroaches (D:1)
  2 goblins (D:1)
  6 hobgoblins
  3 frilled lizards
  A kobold (D:1)
  5 rats
31 creatures vanquished.

Notes
Turn   | Place    | Note
-------+----------+-------------------------------------------
     0 | D:1      | Gadfly the Tengu Hedge Wizard began the quest for the Orb.
     0 | D:1      | Reached XP level 1. HP: 10/10 MP: 5/5
   275 | D:1      | Reached XP level 2. HP: 13/15 MP: 7/7
   344 | D:1      | Reached skill level 1 in Evocations
   599 | D:1      | Learned a level 2 spell: Call Imp
   602 | D:1      | Learned a level 2 spell: Blink
   683 | D:1      | Reached XP level 3. HP: 18/20 MP: 1/8
   687 | D:1      | Learned a level 3 spell: Mephitic Cloud
  1424 | D:2      | Reached skill level 1 in Air Magic
  1844 | D:2      | Reached XP level 4. HP: 3/24 MP: 1/9
  1845 | D:2      | Succumbed to an adder's poison

Illustrated notes

Levels and vault maps discovered:
D:1:      minmay_arrival_plants_in_alcoves, layout_loops_ring
D:2:      layout_loops_corners, lemuel_round_altar, nrook_mini_vaults

Skill      XL: |  1  2  3 |
---------------+----------+-----
Evocations     | 1 |  1.3
Air Magic      | 1 |  1.4
Summonings     | 2 |  2.1
Conjurations   | 2 |  2.1
Fighting       | |  0.9
Dodging        | |  2.7
Stealth        | |  2.0
Spellcasting   | |  3.2
Translocations | |  0.7

Action                   |  1- 3 |  4- 6 || total
-------------------------+-------+-------++-------
Melee: Dagger            |    20 |       ||    20
       Kick              |     6 |       ||     6
       Peck              |     4 |       ||     4
       Short sword       |    12 |       ||    12
 Cast: Magic Dart        |    70 |       ||    70
  Use: Scroll            |     4 |       ||     4
       Potion            |       |     2 ||     2
 Stab: Sleeping          |     1 |       ||     1
Armor: Robe              |     9 |       ||     9
Dodge: Dodged            |    35 |       ||    35
